 Dungeon Crawl Stone Soup version 0.20-a0-1065-g8446734 (webtiles) character file.

417 kuniqs the Firebug (level 6, -1/46 HPs)
             Began as a Gnoll Fire Elementalist on Apr 28, 2017.
             Was an Initiate of Vehumet.
             Killed by divine providence
             ... invoked by an orc priest
              (13 damage)
             ... on level 4 of the Dungeon.
             The game lasted 00:09:37 (3500 turns).

kuniqs the Firebug (Gnoll Fire Elementalist)        Turns: 3500, Time: 00:09:37

Health: -1/46      AC:  3    Str:  7    XL:     6   Next: 92%
Magic:  2/15       EV: 14    Int: 17    God:    Vehumet [......]
Gold:   108        SH:  0    Dex: 15    Spells: 7/17 levels left

rFire    . . .     SeeInvis .   f - staff of poison
rCold    . . .     Gourm    .   (no shield)
rNeg     . . .     Faith    .   a - +0 robe
rPois    +         Spirit   .   (no helmet)
rElec    .         Reflect  .   u - +0 cloak
rCorr    .         Harm     .   (no gloves)
MR       .....                  (no boots)
Stlth    ++........             (no amulet)
Regen    0.2/turn               (no ring)
MPRegen  0.2/turn               (no ring)

@: no status effects
A: short attention span, fangs 1, strong nose
a: Renounce Religion


You were on level 4 of the Dungeon.
You worshipped Vehumet.
Vehumet was noncommittal.
You were not hungry.

You visited 2 branches of the dungeon, and saw 5 of its levels.

You collected 108 gold pieces.

Inventory:

Missiles
 F - 8 poisoned javelins (quivered)
Armour
 a - a +0 robe (worn)
 u - a +0 cloak (worn)
Magical Staves
 f - an uncursed staff of poison (weapon)
Scrolls
 g - a scroll of enchant armour {unknown}
 k - 2 scrolls of amnesia {unknown}
 l - a scroll of random uselessness {unknown}
 q - 4 scrolls of teleportation {unknown}
 r - a scroll of magic mapping {unknown}
 s - 2 scrolls of blinking {unknown}
 v - 2 scrolls of remove curse {unknown}
 x - a scroll of identify {unknown}
 y - 2 scrolls of immolation {unknown}
 A - 3 scrolls of fear {unknown}
 B - a scroll of recharging {unknown}
 D - a scroll of enchant weapon {unknown}
Potions
 c - 2 potions of curing {unknown}
 h - 2 potions of might {unknown}
 i - a potion of lignification {unknown}
 m - a potion of resistance {unknown}
 o - a potion of agility {unknown}
 p - 2 potions of degeneration {unknown}
 t - a potion of heal wounds {unknown}
 w - a potion of flight {unknown}
 C - a potion of mutation {unknown}
 E - a potion of cancellation {unknown}
Books
 b - a book of Flames

   Spells                             Type                      Level
   a - Flame Tongue                   Conjuration/Fire             1
   b - Throw Flame                    Conjuration/Fire             2
   c - Conjure Flame                  Conjuration/Fire             3
   d - Inner Flame                    Hexes/Fire                   3
   e - Sticky Flame                   Conjuration/Fire             4
   f - Fireball                       Conjuration/Fire             5
Comestibles
 d - 6 bread rations
 e - 6 meat rations
 j - 4 royal jellies
 n - 3 chunks of flesh


   Skills:
 - Level 2.4 Fighting
 - Level 4.1 Dodging
 - Level 3.3 Stealth
 + Level 6.0 Spellcasting
 + Level 4.9 Conjurations
 + Level 6.7 Fire Magic


You had 7 spell levels left.
You knew the following spells:

 Your Spells              Type           Power        Failure   Level  Hunger
a - Flame Tongue          Conj/Fire      ####.        1%          1    None
b - Throw Flame           Conj/Fire      ####..       1%          2    None
c - Conjure Flame         Conj/Fire      ####....     3%          3    ##.....
d - Sticky Flame          Conj/Fire      ####....     11%         4    ####...


Dungeon Overview and Level Annotations

Branches:
Dungeon (4/15)             Temple (1/1) D:4

Altars:
Dithmenos
Fedhas
Hepliaklqana
Kikubaaqudgha
Makhleb
Nemelex Xobeh
Ru
Sif Muna
Uskayaw
Vehumet
Wu Jian
Xom
Yredelemnul
Zin


Innate Abilities, Weirdness & Mutations

You have a short attention span.
You have very sharp teeth.
Your uncanny sense of smell can sniff out nearby items.


Message History

You kill the orc!
Vehumet accepts your kill.
Aim: an orc priest, wielding a short sword The flame tongue misses the orc priest.
The orc priest mumbles some strange prayers to Beogh against you.
Pain shoots through your body!
Aim: an orc priest, wielding a short sword The flame tongue hits the orc priest.
The orc priest hits you but does no damage.
Aim: an orc priest, wielding a short sword (heavily wounded)
The flame tongue hits the orc priest.
The orc priest hits you with a short sword.
* * * LOW HITPOINT WARNING * * *
Aim: an orc priest, wielding a short sword (heavily wounded)
The flame tongue misses the orc priest.
The flame tongue hits the orc.
You kill the orc!
Vehumet accepts your kill.
The orc priest invokes the aid of Beogh against you.
Beogh smites you!
You die...

.###..##≈≈.##≈...≈##.≈§##
#.#.. .#
##..##≈≈.##§.§##.≈≈##
#.#.. .#
######§≈§#####.≈≈##.
#.#.. ## ##§≈§###.≈§# ..
#.# # ##§§.#§§≈# ... #.#
##§≈.≈§# ... #.#
##≈.§##..# #.# ##'##..#
#.@o)# ######


You could see an orc priest.

Vanquished Creatures
  An ogre (D:4)
  A scorpion (D:4)
  A hound (D:3)
  An orc wizard (D:4)
  2 orc priests
  A centaur skeleton (D:3)
  A worker ant (D:4)
  2 adders
  A worm (D:2)
  A dart slug (D:2)
  5 leopard geckos
  13 orcs
  4 ball pythons
  8 bats
  A giant cockroach (D:4)
  9 goblins
  6 hobgoblins
  3 jackals (D:2)
  2 quokkas (D:3)
  5 frilled lizards
  10 kobolds
  6 rats
84 creatures vanquished.

Vanquished Creatures (others)
  A butterfly (D:4)
1 creature vanquished.

Grand Total: 85 creatures vanquished

Notes
Turn   | Place    | Note
-------+----------+-------------------------------------------
     0 | D:1      | kuniqs the Gnoll Fire Elementalist began the quest for the Orb.
     0 | D:1      | Reached XP level 1. HP: 13/13 MP: 4/4
   142 | D:1      | Reached skill level 1 in Fighting
   148 | D:1      | Reached XP level 2. HP: 21/21 MP: 3/6
   183 | D:1      | Learned a level 2 spell: Throw Flame
   518 | D:1      | Reached XP level 3. HP: 26/26 MP: 6/8
   978 | D:2      | Learned a level 3 spell: Conjure Flame
  1781 | D:3      | Found a faded altar of an unknown god.
  1838 | D:3      | Reached XP level 4. HP: 33/33 MP: 7/9
  2192 | D:3      | Learned a level 4 spell: Sticky Flame
  2328 | D:3      | Reached skill level 5 in Fire Magic
  2483 | D:3      | Reached XP level 5. HP: 39/39 MP: 6/11
  3052 | D:4      | Reached skill level 5 in Spellcasting
  3155 | D:4      | Reached XP level 6. HP: 33/46 MP: 6/13
  3241 | D:4      | Found a staircase to the Ecumenical Temple.
  3246 | Temple   | Entered the Ecumenical Temple
  3277 | Temple   | Became a worshipper of Vehumet
  3323 | D:4      | Found a hazy altar of Hepliaklqana.
  3500 | D:4      | Killed from afar by an orc priest

Vault maps used:
D:1:      minmay_arrival_cross, minmay_misc_feat_secret_circle,
          roderic_nine_men_s_morris, minmay_tiny_reverse_x
D:3:      chequers_ecumenical_altar_lobes, first_bread
D:4:      kennysheep_kobold_camp, overflow_temple_1_default,
          nicolae_gozag_cash_rules_everything_around_me,
          minmay_temple_entry_butterflies, kennysheep_diamond
Temple:   cyrus_circular_temple

Skill      XL: |  1  2  3  4  5  6 |
---------------+-------------------+-----
Conjurations   | 2 3 4 |  4.9
Fighting       | 1 2 |  2.4
Dodging        | 4 |  4.1
Stealth        | 3 |  3.3
Spellcasting   | 4 5 6 |  6.0
Fire Magic     | 5 6 |  6.7

Action                   |  1- 3 |  4- 6 || total
-------------------------+-------+-------++-------
Melee: Unarmed           |     6 |       ||     6
       Dagger            |    17 |       ||    17
       Bite              |     2 |     2 ||     4
       Staff             |       |    16 ||    16
 Cast: Flame Tongue      |    60 |    90 ||   150
       Throw Flame       |     2 |     6 ||     8
 Stab: Sleeping          |       |     1 ||     1
  Eat: Chunk             |     3 |     5 ||     8
Armor: Robe              |     7 |    21 ||    28
Dodge: Dodged            |    28 |    59 ||    87
